 Dungeon Crawl Stone Soup version 0.29.1-4-g47bece8355 (webtiles) character file.

Game seed: 17026646443672753966

164 LCPRIV the Trooper (level 5, -1/42 HPs)
             Began as a Human Fighter on Dec 1, 2022.
             Was an Initiate of Okawaru.
             Slain by a scorpion (6 damage)
             ... on level 5 of the Dungeon.
             The game lasted 00:35:16 (4803 turns).

LCPRIV the Trooper (Human Fighter)                  Turns: 4803, Time: 00:35:17

Health: -1/42      AC:  2    Str: 18    XL:     5   Next: 73%
Magic:  5/5        EV: 10    Int:  8    God:    Okawaru [......]
Gold:   242        SH:  5    Dex: 13    Spells: 4/4 levels left

rFire   . . .      SeeInvis .   b - +1 falchion (flame)
rCold   . . .      Faith    .   c - +0 buckler
rNeg    . . .      Spirit   .   (no body armour)
rPois   .          Reflect  .   (no helmet)
rElec   .          Harm     .   n - +0 cloak
rCorr   .          Rampage  .   (no gloves)
Will    .....                   m - +0 pair of boots
Stlth   +.........              (no amulet)
HPRegen 0.14/turn               (no ring)
MPRegen 0.09/turn               (no ring)

@: mighty, lethally poisoned (-1 -> -13)
A: no striking features
a: Renounce Religion


You were on level 5 of the Dungeon.
You worshipped Okawaru.
Okawaru was noncommittal.
You visited 2 branches of the dungeon, and saw 6 of its levels.

You collected 242 gold pieces.

Inventory:

Hand Weapons
 b - a +1 falchion of flaming (weapon)
Missiles
 i - 5 poisoned darts (quivered)
Armour
 a - a +0 plate armour
 c - a +0 buckler (worn)
 f - a +0 chain mail
 m - a +0 pair of boots (worn)
 n - a +0 cloak (worn)
Wands
 o - a wand of flame (17)
Scrolls
 k - a scroll of teleportation
Potions
 d - 2 potions of might
 e - a potion of lignification
 g - 4 potions of cancellation
 h - a potion of resistance {unknown}
 j - 2 potions of brilliance


   Skills:
 + Level 3.9 Fighting
 * Level 3.6 Long Blades
 + Level 3.9 Armour
 - Level 3.4 Shields


You had 4 spell levels left.
You didn't know any spells.
Your spell library contained the following spells:

 Spells                   Type           Power      Damage    Failure   Level
 Apportation              Tloc           0%         N/A       50%         1
 Necrotise                Necr           0%         1d4       50%         1
 Shock                    Conj/Air       0%         1d3       50%         1
 Frozen Ramparts          Ice            0%         1d1       86%         3
 Gell's Gravitas          Tloc           0%         N/A       86%         3
 Inner Flame              Hex/Fire       0%         N/A       86%         3
 Lesser Beckoning         Tloc           0%         N/A       86%         3
 Swiftness                Air            0%         N/A       86%         3
 Teleport Other           Tloc           0%         N/A       86%         3
 Airstrike                Air            0%         2d(0-16)  99%         4
 Cause Fear               Hex            0%         N/A       99%         4
 Ice Form                 Ice/Tmut       0%         N/A       99%         4
 Discord                  Hex            0%         N/A       100%        8
 Summon Small Mammal      Summ           Unusable   N/A       N/A         1
 Summon Ice Beast         Ice/Summ       Unusable   N/A       N/A         4

Dungeon Overview and Level Annotations

Branches:
Dungeon (5/15)             Temple (1/1) D:5

Altars:
Ashenzari
Cheibriados
Dithmenos
Elyvilon
Fedhas
Gozag
Hepliaklqana
Kikubaaqudgha
Makhleb
Nemelex Xobeh
Okawaru
Qazlal
Ru
Sif Muna
Uskayaw
Xom
Zin

Shops:
D:5 !

Annotations:
D:3 2 transporters, hawla's ghost, weakling MeIE


Message History

You kneel at the altar of Okawaru.
Okawaru welcomes you!
There is a hazy altar of Hepliaklqana here.
There is a staircase back to the Dungeon here.
You can't go down here!
You climb upwards.
Welcome back to the Dungeon!
There is a staircase to the Ecumenical Temple here.
Found a plate armour.
You see here a +0 plate armour.
a - a +0 plate armour You start removing your armour.
You continue taking off your +0 chain mail. x2
Keep disrobing?
Uppercase [Y]es or [N]o only, please.
Keep disrobing?
You continue taking off your +0 chain mail. x2
You finish taking off your +0 chain mail.
You barely miss the scorpion. The scorpion stings you.
The scorpion closely misses you.
You barely miss the scorpion. The scorpion stings you!
You barely miss the scorpion. The scorpion stings you.
You block the scorpion's attack.
You hit the scorpion. You burn the scorpion.
The scorpion is lightly wounded.
The scorpion stings you.
You are poisoned.
The scorpion poisons you!
You hit the scorpion but do no damage.
The scorpion is lightly wounded.
You feel very sick. The scorpion stings you.
You feel very mighty all of a sudden.
You feel sick. The scorpion stings you.
* * * LOW HITPOINT WARNING * * *
You are lethally poisoned!
The scorpion poisons you! You block the scorpion's attack.
* * * LOW HITPOINT WARNING * * *
You feel very sick. The scorpion attacks as you move away!
The scorpion stings you.
You die...

##+## ##...##.. # #
##.......# .###.# #
##........# ..#..# ..
#........###.....# ..#.#
+................
......##......#.....#
#.s@...###..>..#
#.....#.##....#.....#...
#.#.#...###............#
....#### ##+...###......
# ## #.#...# ..##..
#.##..#..## .
######.#.......#
#........####..#
#.##.....#### .#


You could see a scorpion.

Vanquished Creatures
  6 adders
  4 gnolls (D:4)
  A worm (D:2)
  A dart slug (D:2)
  3 orcs
  An endoplasm (D:1)
  6 giant cockroaches
  7 hobgoblins
  4 jackals (D:1)
  4 quokkas
  7 ball pythons
  3 bats
  2 frilled lizards
  5 goblins
  2 kobolds
  6 rats
62 creatures vanquished.

Notes
Turn   | Place    | Note
-------+----------+-------------------------------------------
     0 | D:1      | LCPRIV the Human Fighter began the quest for the Orb.
     0 | D:1      | Reached XP level 1. HP: 18/18 MP: 1/1
   445 | D:1      | Found a faded altar of an unknown god.
   482 | D:1      | Reached XP level 2. HP: 20/24 MP: 2/2
  1175 | D:2      | Reached XP level 3. HP: 15/29 MP: 3/3
  1998 | D:2      | Reached XP level 4. HP: 35/35 MP: 4/4
  2153 | D:3      | Noticed hawla's ghost (weakling MeIE)
  2153 | D:3      | Noticed an ogre
  2156 | D:3      | Found a transporter.
  2173 | D:3      | Found a transporter.
  2279 | D:3      | Found a burning altar of Makhleb.
  3229 | D:4      | Reached XP level 5. HP: 38/42 MP: 5/5
  3992 | D:5      | Entered Level 5 of the Dungeon
  4328 | D:5      | Found Miugikh's Distillery.
  4341 | D:5      | Found a staircase to the Ecumenical Temple.
  4455 | Temple   | Entered the Ecumenical Temple
  4755 | Temple   | Became a worshipper of Warmaster Okawaru
  4803 | D:5      | Slain by a scorpion

Illustrated notes

Levels and vault maps discovered:
D:1:      lemuel_arrival_muddy, layout_basic, ebering_ecumenical_altar_webs
D:2:      layout_loops_ring, serial_glass, glass_columns_a, glass_columns_c,
          glass_columns_a, glass_columns_c, glass_columns_b, glass_columns_b,
          glass_columns_c, glass_columns_a
D:3:      layout_loops_ring, general_overflow_altar, gammafunk_ghost_smash,
          chequers_arboretum, serial_park_tiny_1
D:4:      layout_basic
D:5:      layout_loops_corners, kennysheep_mini, minmay_temple_entry_tees,
          serial_shops, shop_statue, nicolae_diamond_shop, hex_tiny,
          uniq_duvessa
Temple:   nicolae_temple_elliptical

Skill      XL: |  1  2  3  4 |
---------------+-------------+-----
Long Blades    | 3 |  3.6
Fighting       | |  3.9
Armour         | |  3.9
Shields        | |  3.4

Action                   |  1- 3 |  4- 6 || total
-------------------------+-------+-------++-------
Melee: Long sword        |   103 |       ||   103
       Falchion          |    20 |    96 ||   116
Throw: Dart              |     2 |    53 ||    55
  Use: Scroll            |     3 |     5 ||     8
       Potion            |       |     2 ||     2
Armor: Scale mail        |    45 |       ||    45
       Chain mail        |    13 |    42 ||    55
Dodge: Dodged            |    46 |    25 ||    71
Block: Buckler           |    30 |    21 ||    51
